 Dungeon Crawl Stone Soup version 0.17.2-1-ge4368a0 (webtiles) character file.

17 ololoev the Skirmisher (level 2, -4/24 HPs)
             Began as a Demonspawn Fighter on Oct 27, 2016.
             Slain by an orc
             ... wielding a +0 hand axe
              (7 damage)
             ... on level 3 of the Dungeon.
             The game lasted 00:01:24 (152 turns).

ololoev the Skirmisher (Demonspawn Fighter)          Turns: 152, Time: 00:01:24

Health: -4/24      AC:  8    Str: 16    XL:     2   Next: 44%
Magic:  2/2        EV:  9    Int:  9    God:
Gold:   10         SH:  0    Dex:  8    Spells: 0 memorised, 1 level left

rFire  . . .     SeeInvis .     a - +0 war axe
rCold  . . .     Clarity  .     b - +0 scale mail
rNeg   . . .     SustAt   .     (no shield)
rPois  .         Gourm    .     (no helmet)
rElec  .         Spirit   .     (no cloak)
rCorr  .         Warding  .     (no gloves)
rMut   .         Stasis   .     (no boots)
MR     .....                    (no amulet)
Stlth  ..........               (no ring)
                                h - -4 ring of dexterity (curse)

@: not resistant to hostile enchantments, extremely unstealthy
A: slimy green scales 1
a: no special abilities


Innate Abilities, Weirdness & Mutations

You are partially covered in slimy green scales (AC +2).

Inventory:

Hand Weapons
 a - a +0 war axe (weapon)
Armour
 b - a +0 scale mail (worn)
Jewellery
 h - a cursed -4 ring of dexterity (left hand)
Scrolls
 f - 3 scrolls of identify {unknown}
Potions
 d - a potion of might
 i - a potion of curing {unknown}
Comestibles
 c - a royal jelly
 e - a bread ration
 g - a meat ration


   Skills:
 + Level 3.1 Fighting
 * Level 2.3 Axes
 + Level 3.0 Armour
   Level 2.6 Shields


You had one spell level left.
You didn't know any spells.


You were on level 3 of the Dungeon.
You were not hungry.

You visited 1 branch of the dungeon, and saw 3 of its levels.

You collected 10 gold pieces.

#. ... .... #.
#...##... ### .##
##......). ... ...
....#..#.. #.# #.#
#......... ... #.#
#..#....#)
#.#.####.####........)
#.............#......#
#.#[#@##.###..........
#o##.##.......#...
#.##.##...........
#.##.##........###
#.##....#....#.#
#.##..#........#
#.###.).####.#.# #.#
##.## #.#.### #.#
#.#....

Notes
Turn   | Place    | Note
--------------------------------------------------------------
     0 | D:1      | ololoev the Demonspawn Fighter began the quest for the Orb.
     0 | D:1      | Reached XP level 1. HP: 18/18 MP: 1/1
    91 | D:3      | Gained mutation: You are partially covered in slimy green scales (AC +2). [demonic ancestry]
    91 | D:3      | Reached XP level 2. HP: 14/24 MP: 2/2
   111 | D:3      | HP: 1/24 [orc/mace (4)]
   152 | D:3      | Slain by an orc

Dungeon Overview and Level Annotations

Branches:
Dungeon (3/15)

Altars:


Message History

You hit the orc.
You kill the orc!
Your Armour skill increases to level 3!
You closely miss the orc.
The orc is heavily wounded.
The orc barely misses you. The orc hits you with a mace.
The orc barely misses you. The orc hits you but does no damage.
You barely miss the orc.
The orc is heavily wounded.
You slash the orc!
You kill the orc!
The orc hits you with a mace.
You hit the orc.
You kill the orc!
You see here a flail.
Items here: )) [[ a mace; a leather armour; a dagger; a leather armour You see here a flail.
Items here: )) [[ a mace; a leather armour; a dagger; a leather armour
Found a knobbly peridot ring.
Found a war axe.
You now have 10 gold pieces.
h - a knobbly peridot ring Put on which piece of jewellery? (? for menu, Esc to quit)
You feel clumsy.
Oops, that ring feels deathly cold.
h - a cursed -4 ring of dexterity (left hand)
Found a red potion.
Found a ring mail.
Found a scroll labeled LUR HIXUTHROOCW.
i - a red potion
f - 3 scrolls labeled LUR HIXUTHROOCW (gained 1)
An orc comes into view. It is wielding a hand axe.
The orc shouts!
You swing at nothing.
The orc hits you but does no damage.
You closely miss the orc. The orc hits you with a hand axe.
You slash the orc!
The orc is almost dead.
The orc hits you with a hand axe!
You die...

You could see an orc.

Vanquished Creatures
  3 giant geckos
  4 orcs (D:3)
  A hobgoblin (D:1)
  A ball python (D:1)
  A bat (D:2)
10 creatures vanquished.

Action                   || total
-------------------------++-------
Melee: War axe           ||    26

Vault maps used:
D:1:      minmay_arrival_shoal_huts, corexii_leaking_fountain
D:2:      lemuel_crystal_altar, grunt_qazlal_sundering, first_bread,
          eino_tiny_chamber, uniq_terence, uniq_natasha
D:3:      lemuel_crystal_altar, ecumenical_altar_2,
          minmay_misc_feat_more_columns
